 Dungeon Crawl Stone Soup version 0.31.0-11-ge490571c62 (webtiles) character file.

Game seed: 16328257955148131466

39 Flugkiller the Trooper (level 3, -10/33 HPs)
             Began as a Minotaur Fighter on Jan 28, 2024.
             Was a Priest of Jiyva.
             Mangled by a goblin
             ... wielding a +1 dagger of electrocution
              (16 damage)
             ... on level 3 of the Dungeon.
             The game lasted 00:00:38 (1917 turns).

Flugkiller the Trooper (Minotaur Fighter)           Turns: 1917, Time: 00:00:38

Health: -10/33     AC:  8    Str: 22    XL:     3   Next: 28%
Magic:  2/2        EV:  9    Int:  5    God:    Jiyva [***...]
Gold:   106        SH:  4    Dex:  9    Spells: 2/2 levels left

rFire   . . .        a - +0 war axe
rCold   . . .        c - +0 buckler
rNeg    . . .        b - +0 scale mail
rPois   .            (helmet restricted)
rElec   .            f - +0 cloak
rCorr   +            (no gloves)
SInv    .            (no boots)
Will    .....        (no amulet) Stlth
                     (no ring)
HPRegen 1.37/turn    (no ring)
MPRegen 0.64/turn

%: no passive effects
@: no status effects
A: horns 2, retaliatory headbutt
a: Renounce Religion, Oozemancy


You were on level 3 of the Dungeon.
You worshipped Jiyva.
Jiyva was most pleased with you.
You visited 1 branch of the dungeon, and saw 3 of its levels.

You collected 106 gold pieces.

Inventory:

Hand Weapons
 a - a +0 war axe (weapon)
Armour
 b - a +0 scale mail (worn)
 c - a +0 buckler (worn)
 f - a +0 cloak (worn)
   (You found it on level 1 of the Dungeon)
Scrolls
 e - 2 scrolls of vulnerability {unknown}
 j - a scroll of identify {unknown}
 k - a scroll of enchant weapon {unknown}
 l - a scroll of teleportation {unknown}
Potions
 d - a potion of might
 g - a potion of ambrosia {unknown}
 h - a potion of curing {unknown}
 i - a potion of attraction {unknown}
 m - a potion of heal wounds {unknown}


   Skills:
 * Level 4.2 Fighting
 * Level 3.4 Axes
 + Level 3.9 Armour
 + Level 3.9 Shields


You had 2 spell levels left.
You didn't know any spells.
Your spell library contained the following spells:

 Spells                   Type           Power      Damage    Failure   Level
 Sting                    Conj/Alch      0%         1d3       86%         1
 Mercury Vapours          Alch/Air       0%         N/A       94%         2
 Dazzling Flash           Conj/Hex       0%         N/A       99%         3
 Volatile Blastmotes      Fire/Tloc      0%         2d10      99%         3
 Olgreb's Toxic Radiance  Alch           0%         N/A       100%        4
 Starburst                Conj/Fire      0%         6d3       100%        6
 Maxwell's Capacitive Co  Air            0%         ∞         100%        8


Dungeon Overview and Level Annotations

Branches:
Dungeon (3/15)

Altars:
Jiyva


Innate Abilities, Weirdness & Mutations

You have a pair of horns on your head.
You reflexively headbutt those who attack you in melee.


Message History

A quokka is nearby!
You closely miss the quokka.
The quokka is almost dead.
You block the quokka's attack.
A quokka is nearby!
You barely miss the quokka. You headbutt the quokka.
You kill the quokka!
You see here a quokka corpse.
You hear a slurping noise.
Jiyva will now mutate your body as you gain piety.
You can now call acidic ooze from nearby walls.
No target in view!
k - a scroll labelled BIAH GAODWOED A bat comes into view.
You block the bat's attack. The bat hits you but does no damage.
A bat is nearby!
You slash the bat!
You kill the bat!
No target in view!
No target in view!
No target in view!
No target in view!
You see here a bat corpse.
A kobold comes into view.
It is wielding a +0 club and quivering poisoned darts.
The kobold shouts!
The kobold throws a poisoned dart.
The poisoned dart barely misses you.
You see here 19 gold pieces.
A kobold is nearby!
A kobold is nearby!
The kobold hits you but does no damage.
You closely miss the kobold. The kobold hits you with a +0 club.
The kobold barely misses you. You furiously retaliate!
You headbutt the kobold!
You kill the kobold!
No target in view!
No target in view!
HP restored.
Things that are here:
a +0 club; 5 poisoned darts No target in view!
You now have 101 gold pieces (gained 19).
Things that are here:
a +0 club; 5 poisoned darts Jiyva says: Divide and consume!
You hear a distant slurping noise.
You hear a distant slurping noise.
A quokka comes into view.
A quokka is nearby!
You block the quokka's attack.
You closely miss the quokka. You block the quokka's attack.
The quokka bites you but does no damage.
You closely miss the quokka.
The quokka bites you but does no damage. x2
You hit the quokka.
The quokka is heavily wounded.
You hear a distant slurping noise.
You block the quokka's attack.
You slash the quokka!
You kill the quokka!
No target in view!
You see here a quokka corpse.
You hear a distant slurping noise.
Jiyva gurgles merrily.
Found a robe.
No target in view!
You hear a distant slurping noise.
You see here a quokka corpse.
Jiyva gurgles merrily.
You hear a distant slurping noise.
l - a scroll labelled SESUSM FIPTINAONG No target in view!
You hear a distant slurping noise.
You now have 106 gold pieces (gained 5).
You hear a distant slurping noise.
You hear a distant slurping noise.
m - a bubbling amethyst potion No target in view!
No target in view!
No target in view!
No target in view!
No target in view!
A goblin comes into view.
It is wielding a +1 dagger of electrocution.
A goblin is nearby!
A goblin is nearby!
You closely miss the goblin. The goblin closely misses you.
You barely miss the goblin.
The goblin hits you with a +1 dagger of electrocution.
You are electrocuted!
You block the goblin's attack.
You hit the goblin.
The goblin is moderately wounded.
The goblin barely misses you. You furiously retaliate!
You headbutt the goblin. You barely miss the goblin.
Your headbutt misses the goblin.
The goblin is heavily wounded.
You block the goblin's attack.
You closely miss the goblin.
The goblin is heavily wounded.
The goblin hits you but does no damage.
You are electrocuted!!
Ouch! That really hurt!
* * * LOW HITPOINT WARNING * * *
The goblin hits you but does no damage.
You are electrocuted!
You die...

..# #.# #.# ..#
#.# #.#
#####.####
#........#
#.###.##@# #.#
#.#.g.......
#.#
#.#..##.....
#.# #..... #.#.
#.# ###..# #
#.# #..##
#.#####.... ...
#........####.#
###.....J...#.#


You could see a goblin.

Vanquished Creatures
  2 dart slugs
  4 bats
  3 endoplasms (D:1)
  2 giant cockroaches
  2 goblins (D:1)
  3 hobgoblins (D:1)
  4 jackals (D:1)
  3 kobolds
  3 quokkas
  2 ball pythons (D:2)
  2 frilled lizards (D:1)
  2 rats
32 creatures vanquished.

Vanquished Creatures (others)
  An endoplasm (D:2)
  A goblin (D:2)
  A hobgoblin (D:2)
  4 ball pythons (D:2)
  2 bats (D:2)
  2 frilled lizards
  A rat (D:2)
12 creatures vanquished.

Grand Total: 44 creatures vanquished

Notes
Turn   | Place    | Note
-------+----------+-------------------------------------------
     0 | D:1      | Flugkiller the Minotaur Fighter began the quest for the
                  | Orb.
     0 | D:1      | Reached XP level 1. HP: 19/19 MP: 0/0
   191 | D:1      | Reached XP level 2. HP: 27/27 MP: 1/1
   308 | D:1      | Found a faded altar of an unknown god.
   322 | D:1      | Reached skill level 4 in Fighting
   323 | D:1      | Noticed a great orb of eyes
   325 | D:1      | Noticed an eye of devastation
   325 | D:1      | Noticed a golden eye
   325 | D:1      | Noticed a great orb of eyes
   330 | D:1      | Prayed at the altar of an unknown god.
   330 | D:1      | Became a worshipper of Jiyva Jiliff the Shapeless
   330 | D:1      | Reached * piety under Jiyva
  1038 | D:2      | Reached ** piety under Jiyva
  1071 | D:2      | Reached XP level 3. HP: 33/33 MP: 2/2
  1821 | D:3      | Reached *** piety under Jiyva
  1917 | D:3      | Mangled by a goblin

Illustrated notes

Levels and vault maps discovered:
D:1:      sevenhm_arrival_forest_fort_large_2, layout_loops_ring,
          hellmonk_ecumenical_altar_watching_god, minmay_misc_feat_tower
D:2:      layout_basic, serial_curves, eino_curves_04, eino_curves_04
D:3:      layout_loops_corners

Skill      XL: |  1  2 |
---------------+-------+-----
Fighting       | 4 |  4.2
Axes           | 3 |  3.4
Armour         | |  3.9
Shields        | |  3.9

Action                     || total
---------------------------++-------
  Melee: War axe           ||    73
         Headbutt          ||    12
 Armour: Scale mail        ||    47
  Dodge: Dodged            ||    29
  Block: Buckler           ||    15
